 Dungeon Crawl Stone Soup version 0.27.1-3-gb3d3a73c9e (webtiles) character file.

Game seed: 965167180416689622

101 Urokeeper the Sneak (level 4, -4/38 HPs)
             Began as a Gnoll Brigand on Oct 8, 2021.
             Killed from afar by a white imp (5 damage)
             ... with a puff of frost
             ... summoned by Natasha
             ... on level 3 of the Dungeon.
             The game lasted 00:07:57 (3079 turns).

Urokeeper the Sneak (Gnoll Brigand)                 Turns: 3079, Time: 00:07:59

Health: -4/38      AC:  7    Str: 10    XL:     4   Next: 75%
Magic:  5/5        EV: 11    Int: 11    God:
Gold:   121        SH:  0    Dex: 14    Spells: 5/5 levels left

rFire    . . .     SeeInvis .   j - +0 short sword
rCold    . . .     Faith    .   (no shield)
rNeg     . . .     Spirit   .   h - +0 ring mail
rPois    .         Reflect  .   v - +0 helmet
rElec    .         Harm     .   c - +0 cloak
rCorr    .         Rampage  .   (no gloves)
Will     .....                  (no boots)
Stlth    +++.......             (no amulet)
HPRegen  0.12/turn              l - ring of wizardry
MPRegen  0.09/turn              (no ring)

@: no status effects
A: fangs 1, strong nose, distributed training
a: no special abilities


You were on level 3 of the Dungeon.
You visited 1 branch of the dungeon, and saw 4 of its levels.

You collected 121 gold pieces.

Inventory:

Hand Weapons
 a - a +2 dagger
 f - a +0 hunting sling
 j - a +0 short sword (weapon)
 n - a +0 antimagic dagger
Missiles
 d - 18 poisoned darts (quivered)
 e - 2 curare-tipped darts
 k - 89 stones
 p - 22 sling bullets
 u - 2 boomerangs
Armour
 b - a +0 robe
 c - a +0 cloak (worn)
 h - a +0 ring mail (worn)
 v - a +0 helmet (worn)
Jewellery
 l - a ring of wizardry (left hand)
Scrolls
 i - 5 scrolls of identify
 o - a scroll of magic mapping
 q - a scroll of amnesia {unknown}
Potions
 m - a potion of mutation
 r - a potion of haste {unknown}
 s - a potion of cancellation {unknown}
 t - a potion of lignification {unknown}


   Skills:
 + Level 4.7 Fighting
 + Level 4.7 Short Blades
 + Level 1.2 Long Blades
 + Level 1.2 Axes
 + Level 1.2 Maces & Flails
 + Level 1.2 Polearms
 + Level 1.2 Staves
 + Level 1.2 Slings
 + Level 1.2 Bows
 + Level 1.2 Crossbows
 + Level 4.7 Throwing
 + Level 1.2 Armour
 + Level 2.8 Dodging
 + Level 7.8 Stealth
 + Level 1.2 Shields
 + Level 1.2 Unarmed Combat
 + Level 1.2 Spellcasting
 + Level 1.0 Conjurations
 + Level 1.0 Hexes
 + Level 1.0 Summonings
 + Level 1.0 Necromancy
 + Level 1.0 Translocations
 + Level 1.0 Transmutations
 + Level 1.0 Fire Magic
 + Level 1.0 Ice Magic
 + Level 1.0 Air Magic
 + Level 1.0 Earth Magic
 + Level 1.0 Poison Magic
 + Level 1.3 Invocations
 + Level 1.2 Evocations


You had 5 spell levels left.
You didn't know any spells.
Your spell library was empty.

Dungeon Overview and Level Annotations

Branches:
Dungeon (4/15)
 Temple: D:4-7

Altars:
Fedhas
Okawaru

Shops:
D:3 ?

Annotations:
D:3 exclusion: oklob plant, Natasha


Innate Abilities, Weirdness & Mutations

You have very sharp teeth.
Your uncanny sense of smell can sniff out nearby items.
Your experience applies equally to all skills.


Message History

The crimson imp blinks!
You hit the white imp but do no damage. The white imp puffs mist at you.
The white imp hits you but does no damage.
You hit the white imp but do no damage.
The white imp hits you but does no damage.
You hit the white imp.
The white imp is moderately wounded.
The white imp hits you but does no damage.
You barely miss the white imp.
The white imp is moderately wounded.
The white imp gestures at you. The puff of frost hits you.
You closely miss the white imp.
The white imp is moderately wounded.
You hit the white imp.
The white imp is moderately wounded.
The white imp barely misses you.
You hit the white imp but do no damage. Your bite misses the white imp.
The white imp is moderately wounded.
The white imp gestures at you. The puff of frost hits you!
* * * LOW HITPOINT WARNING * * *
You closely miss the white imp.
The white imp is moderately wounded.
The white imp gestures at you. The puff of frost hits you.
* * * LOW HITPOINT WARNING * * *
You barely miss the white imp.
The white imp is moderately wounded.
The white imp hits you.
* * * LOW HITPOINT WARNING * * *
The white imp freezes you.
* * * LOW HITPOINT WARNING * * *
You hit the white imp but do no damage.
The white imp is moderately wounded.
The white imp shouts, "Away with thee, thou pox-marked spur-galled death-token!"
The white imp gestures at you. The puff of frost hits you.
You die...

###### #..... #####
#.#### ##...###.# . #
##.###.##.# ##
(...#5#####.......#.#
#.
(..(.h5@.......##.#.#
#.
#.###(#####.##.##.#.#
#. # #..#.#..#.###.
#.#...#.#.....
#.#.###.#####. ∆
#.#.# #.# #.
#.#.###.# #.
##.......# #.
####....#########.


You could see Natasha and 2 white imps.

Vanquished Creatures
  Robin (D:3)
  An adder (D:3)
  2 worms
  2 dart slugs (D:2)
  An orc (D:3)
  7 endoplasms
  A giant cockroach (D:1)
  10 goblins
  8 hobgoblins
  3 jackals (D:1)
  6 kobolds
  4 quokkas
  6 ball pythons
  5 bats
  A frilled lizard (D:1)
  7 rats
65 creatures vanquished.

Vanquished Creatures (others)
  A fungus (D:3)
  A plant (D:3)
2 creatures vanquished.

Grand Total: 67 creatures vanquished

Notes
Turn   | Place    | Note
-------+----------+-------------------------------------------
     0 | D:1      | Urokeeper the Gnoll Brigand began the quest for the Orb.
     0 | D:1      | Reached XP level 1. HP: 20/20 MP: 1/1
    58 | D:1      | Reached XP level 2. HP: 26/26 MP: 2/2
   459 | D:1      | You fall into a shaft and drop 1 floor!
   665 | D:2      | Reached XP level 3. HP: 31/31 MP: 3/3
  1079 | D:1      | Reached skill level 1 in Invocations
  1800 | D:2      | Reached skill level 1 in Long Blades
  1800 | D:2      | Reached skill level 1 in Axes
  1800 | D:2      | Reached skill level 1 in Maces & Flails
  1800 | D:2      | Reached skill level 1 in Polearms
  1800 | D:2      | Reached skill level 1 in Staves
  1800 | D:2      | Reached skill level 1 in Slings
  1800 | D:2      | Reached skill level 1 in Bows
  1800 | D:2      | Reached skill level 1 in Crossbows
  1800 | D:2      | Reached skill level 1 in Armour
  1800 | D:2      | Reached skill level 1 in Shields
  1800 | D:2      | Reached skill level 1 in Unarmed Combat
  1800 | D:2      | Reached skill level 1 in Spellcasting
  1800 | D:2      | Reached skill level 1 in Evocations
  2078 | D:3      | Reached XP level 4. HP: 38/38 MP: 5/5
  2185 | D:3      | Found Dereroig's Magic Scroll Emporium.
  2267 | D:3      | Found an iron altar of Okawaru.
  2272 | D:3      | Noticed Robin
  2516 | D:3      | Killed Robin
  2517 | D:3      | Reached skill level 1 in Conjurations
  2517 | D:3      | Reached skill level 1 in Hexes
  2517 | D:3      | Reached skill level 1 in Summonings
  2517 | D:3      | Reached skill level 1 in Necromancy
  2517 | D:3      | Reached skill level 1 in Translocations
  2517 | D:3      | Reached skill level 1 in Transmutations
  2517 | D:3      | Reached skill level 1 in Fire Magic
  2517 | D:3      | Reached skill level 1 in Ice Magic
  2517 | D:3      | Reached skill level 1 in Air Magic
  2517 | D:3      | Reached skill level 1 in Earth Magic
  2517 | D:3      | Reached skill level 1 in Poison Magic
  2615 | D:3      | Found a blossoming altar of Fedhas.
  2639 | D:3      | Noticed an oklob plant
  2931 | D:3      | Found a faded altar of an unknown god.
  3030 | D:3      | Noticed Natasha
  3078 | D:3      | HP: 1/38 [white imp[Natasha] (2)]
  3079 | D:3      | Killed from afar by a white imp

Illustrated notes

Levels and vault maps discovered:
D:1:      scummos_arrival_forest, layout_basic, chequers_serial_rivers_micro_b
D:2:      layout_basic, grunt_ministairs_14
D:3:      layout_loops_corners, okawaru_metal_pillars_1_2, tgw_fedhas,
          serial_shops, shop, shapermc_ecumenical_altar_mp_ritualfount,
          grunt_ministairs_8, uniq_crazy_yiuf_cottage, uniq_robin, uniq_natasha
D:4:      wander_river, layout_basic, gammafunk_ghost_gnarly_gnolls

Skill      XL: |  1  2  3  4 |
---------------+-------------+-----
Invocations    | 1 |  1.3
Long Blades    | 1 |  1.2
Axes           | 1 |  1.2
Maces & Flails | 1 |  1.2
Polearms       | 1 |  1.2
Staves         | 1 |  1.2
Slings         | 1 |  1.2
Bows           | 1 |  1.2
Crossbows      | 1 |  1.2
Armour         | 1 |  1.2
Shields        | 1 |  1.2
Unarmed Combat | 1 |  1.2
Spellcasting   | 1 |  1.2
Evocations     | 1 |  1.2
Conjurations   | 1 |  1.0
Hexes          | 1 |  1.0
Summonings     | 1 |  1.0
Necromancy     | 1 |  1.0
Translocations | 1 |  1.0
Transmutations | 1 |  1.0
Fire Magic     | 1 |  1.0
Ice Magic      | 1 |  1.0
Air Magic      | 1 |  1.0
Earth Magic    | 1 |  1.0
Poison Magic   | 1 |  1.0
Fighting       | |  4.7
Short Blades   | |  4.7
Throwing       | |  4.7
Dodging        | |  2.8
Stealth        | |  7.8

Action                   |  1- 3 |  4- 6 || total
-------------------------+-------+-------++-------
Melee: Dagger            |    39 |       ||    39
       Bite              |     3 |     2 ||     5
       Short sword       |       |    61 ||    61
 Fire: Hunting sling     |    94 |    63 ||   157
  Use: Scroll            |     3 |       ||     3
       Potion            |       |     1 ||     1
 Stab: Sleeping          |     6 |       ||     6
Armor: Robe              |    12 |       ||    12
       Ring mail         |    10 |    36 ||    46
Dodge: Dodged            |    31 |    47 ||    78
